 Dungeon Crawl Stone Soup version 0.29.1-14-g9c671dbff4 (webtiles) character file.

Game seed: 12456547471193725319

340713 kingofthe the Impregnable (level 21, -3/170 HPs)
             Began as a Minotaur Fighter on Jan 23, 2023.
             Was the Champion of Hepliaklqana.
             Splashed with acid (25 damage)
             ... on level 1 of the Pits of Slime on Feb 12, 2023.
             The game lasted 04:32:23 (47051 turns).

kingofthe the Impregnable (Minotaur Fighter)       Turns: 47051, Time: 04:32:24

Health: -3/170     AC: 33    Str: 30    XL:     21   Next: 7%
Magic:  28/28      EV: 29    Int:  5    God:    Hepliaklqana [******]
Gold:   3335       SH: 25    Dex: 23    Spells: 29/31 levels left

rFire   . . .      SeeInvis .   a - +3 greatsling "Punk" {acid, rCorr}
rCold   . . .      Faith    .   k - +3 tower shield {AC+3}
rNeg    . . .      Spirit   .   N - +1 scale mail of the Past {Drain rPois Regen+ Dex+9}
rPois   +          Reflect  .   (helmet restricted)
rElec   +          Harm     .   S - +1 cloak of Starlight {*Dazzle EV+4 Stlth--}
rCorr   +          Rampage  .   M - +2 pair of gloves
Will    ++++.                   p - +2 pair of boots of the Bellicose God {*Slow rElec Will+++ Str-4, !w}
Stlth   ..........              u - amulet of regeneration
HPRegen 1.98/turn               X - +6 ring of strength
MPRegen 0.21/turn               c - +4 ring of protection

@: studying 2 skills
A: reduced essence, horns 2, retaliatory headbutt, iridescent scales 1
}: 2/15 runes: decaying, serpentine
a: Renounce Religion, Recall Ancestor, Ancestor Identity, Transference, Idealise


You were on level 1 of the Pits of Slime.
You worshipped Hepliaklqana.
Hepliaklqana was exalted by your worship.
You visited 9 branches of the dungeon, and saw 40 of its levels.
You visited 1 bazaar.
You also visited: Ice Cave and Volcano.

You collected 5900 gold pieces.
You spent 2565 gold pieces at shops.

Inventory:

Hand Weapons
 a - the +3 greatsling "Punk" (weapon) {acid, rCorr}
   (You found it on level 9 of the Dungeon)

   Any ammunition fired from it is coated in acid, damaging and corroding those
   it strikes.
   rCorr:     It protects you from acid and corrosion.
 b - a +9 demon trident of electrocution
 Y - the +7 great mace "Firestarter" {inner flame, rF++}
   (You took it off a fire giant on level 2 of the Depths)

   It burns those it strikes, dealing additional fire damage.
   It fills those it strikes with an explosive inner flame.
   It grants immunity to clouds of flame.
   rF:        It greatly protects you from fire.
 Z - the +5 lochaber axe {reach-cleave, poleaxe}
   (You found it on level 1 of the Snake Pit)

   It can be evoked to extend its reach, and strikes at all foes within reach,
   dealing less damage to those not targeted.
   It uses either Axes or Polearms skill, whichever is higher.
Armour
 k - a +3 tower shield of protection (worn)
 p - the +2 pair of boots of the Bellicose God (worn) {*Slow rElec Will+++ Str-4, !w}
   (You bought it in a shop on level 2 of the Orcish Mines)

   Str:       It affects your strength (-4).
   rElec:     It insulates you from electricity.
   *Slow:     It may slow you when you take damage.
   Will:      It greatly increases your willpower.
 M - a +2 pair of gloves (worn)
 N - the +1 scale mail of the Past (worn) {Drain rPois Regen+ Dex+9}
   (You found it on level 6 of the Dungeon)

   Dex:       It affects your dexterity (+9).
   rPois:     It protects you from poison.
   Regen:     It increases your rate of health regeneration.
   Drain:     It drains your maximum health when unequipped.
 S - the +1 cloak of Starlight (worn) {*Dazzle EV+4 Stlth--}
   (You found it on level 12 of the Dungeon)

   It may blind those who miss an attack against the wearer in melee combat.
   EV:        It affects your evasion (+4).
   Stlth:     It makes you much less stealthy.
 V - a +2 kite shield of cold resistance
Jewellery
 c - a +4 ring of protection (right hand)
 h - a ring of ice
 j - the ring "Mucruv" {rPois rF+ rC- Will+ Stlth+}
   (You found it on level 10 of the Dungeon)

   [ring of protection from fire]

   rF:        It protects you from fire.
   rC:        It makes you vulnerable to cold.
   rPois:     It protects you from poison.
   Will:      It increases your willpower.
   Stlth:     It makes you more stealthy.
 l - a +4 ring of slaying
 m - a +6 ring of intelligence
 r - a +4 ring of evasion
 t - a ring of wizardry
 u - an amulet of regeneration (around neck)
 x - a +4 ring of protection
 y - the macabre finger necklace {rN+}
   (You found it on level 1 of the Swamp)

   [amulet of nothing]

   It enables you to equip an extra ring.
   rN:        It protects you from negative energy.
 A - a ring of poison resistance
 O - a +6 ring of intelligence
 Q - a ring of protection from fire
 W - the amulet "Pit Quob" {Acrobat rF+ rCorr SInv}
   (You bought it in a shop on level 1 of the Snake Pit)

   [amulet of the acrobat]

   It increases your evasion while moving and waiting.
   rF:        It protects you from fire.
   SInv:      It lets you see invisible.
   rCorr:     It protects you from acid and corrosion.
 X - a +6 ring of strength (left hand)
Wands
 z - a wand of light (8)
 E - a wand of iceblast (17)
 F - a wand of mindburst (33)
 H - a wand of flame (73)
 J - a wand of paralysis (24)
 U - a wand of digging (20)
Scrolls
 e - 8 scrolls of fog
 g - 2 scrolls of enchant weapon
 q - 4 scrolls of magic mapping
 s - 9 scrolls of fear
 w - 5 scrolls of poison
 C - 3 scrolls of summoning
 D - 14 scrolls of teleportation
 P - 3 scrolls of enchant armour
 R - 2 scrolls of blinking
Potions
 d - 10 potions of might
 f - 3 potions of cancellation
 n - 17 potions of curing
 o - 8 potions of heal wounds
 B - 6 potions of haste
 I - a potion of invisibility
 K - 7 potions of berserk rage
 L - 2 potions of resistance
Miscellaneous
 i - a phantom mirror
 v - a condenser vane
 G - a lightning rod (4/4)


   Skills:
 + Level 16.6 Fighting
 - Level 14.0 Polearms
 + Level 14.2 Ranged Weapons
 + Level 24.4 Armour
 + Level 19.9 Dodging
 + Level 17.5 Shields
 + Level 5.5 Spellcasting
 + Level 6.1 Translocations
 - Level 11.5 Evocations


You had 29 spell levels left.
You knew the following spells:

 Your Spells              Type           Power      Damage    Failure   Level
a - Blink                 Tloc           14%        N/A       14%         2

Your spell library contained the following spells:

 Spells                   Type           Power      Damage    Failure   Level
 Apportation              Tloc           14%        N/A       10%         1
 Teleport Other           Tloc           7%         N/A       28%         3
 Passage of Golubria      Tloc           7%         N/A       67%         4
 Foxfire                  Conj/Fire      4%         2x1d4     77%         1
 Magic Dart               Conj           4%         1d3       77%         1
 Necrotise                Necr           4%         1d4       77%         1
 Sandblast                Erth           2%         2d4       77%         1
 Sting                    Tmut/Pois      4%         1d3       77%         1
 Summon Small Mammal      Summ           4%         N/A       77%         1
 Call Imp                 Summ           1%         N/A       88%         2
 Ensorcelled Hibernation  Hex/Ice        2%         N/A       88%         2
 Passwall                 Tmut/Erth      0%         N/A       88%         2
 Poisonous Vapours        Pois/Air       2%         N/A       88%         2
 Searing Ray              Conj           2%         2d4       88%         2
 Sublimation of Blood     Necr           1%         N/A       88%         2
 Manifold Assault         Tloc           7%         N/A       95%         5
 Conjure Flame            Conj/Fire      1%         6-21      98%         3
 Frozen Ramparts          Ice            2%         1d1       98%         3
 Ignite Poison            Fire/Tmut/Pois 1%         N/A       98%         3
 Inner Flame              Hex/Fire       1%         N/A       98%         3
 Mephitic Cloud           Conj/Pois/Air  1%         N/A       98%         3
 Ozocubu's Armour         Ice            1%         N/A       98%         3
 Swiftness                Air            1%         N/A       98%         3
 Airstrike                Air            0%         2d(1-17)  100%        4
 Animate Dead             Necr           1%         N/A       100%        4
 Flame Wave               Conj/Fire      1%         2d4       100%        4
 Fulminant Prism          Conj/Hex       0%         3d6       100%        4
 Hailstorm                Conj/Ice       1%         3d3       100%        4
 Ice Form                 Ice/Tmut       1%         N/A       100%        4
 Olgreb's Toxic Radiance  Pois           1%         N/A       100%        4
 Petrify                  Tmut/Erth      1%         N/A       100%        4
 Sticky Flame             Conj/Fire      1%         2d3       100%        4
 Summon Ice Beast         Ice/Summ       1%         N/A       100%        4
 Summon Lightning Spire   Summ/Air       1%         N/A       100%        4
 Blade Hands              Tmut           0%         N/A       100%        5
 Borgnjor's Vile Clutch   Necr/Erth      0%         N/A       100%        5
 Fireball                 Conj/Fire      0%         3d3       100%        5
 Freezing Cloud           Conj/Ice/Air   0%         6-21      100%        5
 Irradiate                Conj/Tmut      0%         3d11      100%        5
 Iskenderun's Battlesphe  Conj           1%         2d6       100%        5
 Lee's Rapid Deconstruct  Erth           0%         3d5*      100%        5
 Lightning Bolt           Conj/Air       0%         1d11      100%        5
 Silence                  Hex/Air        0%         N/A       100%        5
 Conjure Ball Lightning   Conj/Air       0%         3x3d6     100%        6
 Death Channel            Necr           0%         N/A       100%        6
 Simulacrum               Ice/Necr       0%         N/A       100%        6
 Starburst                Conj/Fire      0%         6d3       100%        6
 Statue Form              Tmut/Erth      0%         N/A       100%        6
 Summon Cactus Giant      Summ           0%         N/A       100%        6
 Dragon Form              Tmut           0%         N/A       100%        7
 Haunt                    Necr/Summ      0%         N/A       100%        7
 Orb of Destruction       Conj           0%         9d5       100%        7
 Spellforged Servitor     Conj/Summ      0%         N/A       100%        7
 Storm Form               Tmut/Air       0%         N/A       100%        7
 Summon Hydra             Summ           0%         N/A       100%        7
 Lehudib's Crystal Spear  Conj/Erth      0%         10d2      100%        8
 Maxwell's Capacitive Co  Air            0%         ∞         100%        8


Dungeon Overview and Level Annotations

Branches:
Dungeon (15/15)            Temple (1/1) D:4            Lair (5/5) D:11
  Swamp (4/4) Lair:3        Snake (4/4) Lair:3        Slime (2/5) Lair:5
    Orc (2/2) D:10            Elf (3/3) Orc:2        Vaults (0/5) D:14
 Depths (4/4) D:15            Zot (0/5) Depths:4      IceCv (visited)
Volcano (visited)

Altars:
Ashenzari
Cheibriados
Dithmenos
Elyvilon
Fedhas
Gozag
Hepliaklqana
Kikubaaqudgha
Makhleb
Nemelex Xobeh
Okawaru
Qazlal
Ru
Sif Muna
Trog
Uskayaw
Vehumet
Wu Jian
Xom
Yredelemnul
Zin
The Shining One

Shops:
D:5 [   D:7 *   D:9 *   Orc:2 !([   Elf:1 *   Snake:1 =:::   Depths:1 **(?
Depths:3 [[

Portals:
Hell: Depths:1 Depths:2 Depths:3 Depths:4
Abyss: Snake:1 Depths:3
Pandemonium: Depths:2 Depths:4
Ziggurat: Depths:4
Trove: D:10 (give 11 potions of heal wounds)

Annotations:
Snake:1 2 transporters, exclusion: downstairs, nroviw's ghost, journeyman MiFi


Innate Abilities, Weirdness & Mutations

Your life essence is reduced to manifest your ancestor. (-10% HP)
You have a pair of horns on your head.
You reflexively headbutt those who attack you in melee.
You are partially covered in iridescent scales. (AC +2)


Message History

You headbutt the acid blob, but do no damage.
The acid blob is almost dead.
You block the acid blob's attack.
You impale the acid blob!!
You kill the acid blob!
No target in view!
You start resting.
HP restored.
Your +9 demon trident of electrocution stops crackling.
The +3 greatsling "Punk" {acid, rCorr} begins to ooze corrosive slime!
a - the +3 greatsling "Punk" (weapon)
{acid, rCorr} You start waiting.
You are no longer corroded.
You start waiting.
Done waiting.
No target in view!
Partly explored, can't reach some places.
Okay, then.
Unknown command.
You are splashed with acid.
You are splashed with acid.
You are splashed with acid!
You are splashed with acid!
You are splashed with acid!
You are splashed with acid!
Aiming: Dig
Press: ? - help, Shift-Dir - straight line A slime covered rock wall.
The slime shatters into small pieces.
You are splashed with acid!
You are splashed with acid!
You are splashed with acid!!
You are splashed with acid!
You are splashed with acid!!
* * * LOW HITPOINT WARNING * * *
You are splashed with acid!!
* * * LOW HITPOINT WARNING * * *
You are splashed with acid!
* * * LOW HITPOINT WARNING * * *
You are splashed with acid!!
You die...

#.............### #....
#............##..##....
##.##........#........#
## ##.......#........#
##R.............##
##.......#........#
#........#.....#.##
##.#..#.###....###
##@### ## ##..## ##.##
#.## ##.## .. ##.##
##.## ##.## ##.## ##.##
### ##...#


You could see the friendly Romanian Police the hexer.

Vanquished Creatures
  2 juggernauts
  A caustic shrike (Depths:2)
  2 golden dragons
  Nikola (Snake:3)
  3 tentacled monstrosities
  A walking crystal tome (Depths:4)
  Asterion (Snake:3)
  A lich (Depths:4)
  A titan (Depths:2)
  2 acid blobs (Slime:1)
  A walking divine tome (Depths:2)
  4 deep elf master archers (Elf:3)
  4 deep elf blademasters
  The ghost of Geoferav the Warrior, an adept MiFi of Gozag (Snake:3)
  A sphinx (Depths:3)
  Kirke (Swamp:4)
  Roxanne (Snake:4)
  The ghost of Pileg the Severer, an adept FoFi of Okawaru (Elf:2)
  A shadow dragon (Depths:4)
  3 thorn hunters (Swamp:4)
  A fenstrider witch (Swamp:4)
  2 nagarajas (Snake:4)
  2 azure jellies (Slime:1)
  4 fire giants
  5 frost giants
  6 deep elf sorcerers
  A ghoul (Swamp:2)
  An iron dragon (Depths:3)
  A draconian shifter (Depths:4)
  Louise (Elf:2)
  2 deep elf elementalists (Elf:3)
  11 stone giants
  13 very ugly things
  2 spriggan defenders
  The ghost of Metoemy the Bludgeoner, a journeyman GrFi of Okawaru (Snake:3)
  4 eleionomae
  2 deep elf demonologists (Elf:3)
  A vampire knight (Depths:3)
  5 deep elf annihilators
  2 red draconians (Depths:4)
  2 bunyips (Swamp:4)
  5 spark wasps
  3 purple draconians (Depths:4)
  2 ettins
  4 deep elf high priests (Elf:3)
  A merfolk impaler (Depths:4)
  A deep elf death mage (Elf:3)
  A shambling mangrove (Swamp:4)
  Josephine (Orc:1)
  4 fire dragons
  11 ice dragons
  25 hydras
  4 boulder beetles
  4 salamander tyrants
  9 anacondas
  3 spriggan air magi
  4 rakshasas
  2 ghost crabs
  4 centaur warriors
  An ogre mage (D:15)
  7 alligators
  7 naga warriors
  13 two-headed ogres
  3 tengu warriors
  3 deep troll shamans
  7 deep troll earth magi
  4 spriggan berserkers
  A vampire mage (Depths:2)
  18 dancing weapons
  8 naga sharpshooters
  An orc high priest (Elf:2)
  6 shock serpents
  A soul eater (Depths:4)
  6 hell knights
  17 deep elf knights
  Sonja (Orc:1)
  Urug (Orc:1)
  A fire crab (Volcano)
  5 goliath frogs
  8 deep trolls
  3 glowing orange brains
  3 iron trolls
  A spark wasp zombie (Depths:3)
  3 spriggan druids
  4 salamander mystics
  An orb spider (shapeshifter) (Elf:3)
  A swamp dragon (shapeshifter) (Depths:4)
  2 flayed ghosts
  17 swamp dragons
  13 deep elf archers
  3 naga ritualists
  6 bog bodies
  2 wizards
  A sphinx zombie (Depths:3)
  A shadow dragon zombie (Depths:3)
  A lindwurm (Lair:5)
  31 deep elf zephyrmancers
  2 necromancers (Depths:3)
  17 deep elf pyromancers
  8 ugly things
  2 orc knights
  A harpy (shapeshifter) (Depths:2)
  4 manticores
  3 orc sorcerers
  6 mana vipers
  An oklob plant (Lair:4)
  An iron dragon skeleton (Depths:3)
  12 salamanders
  2 shining eyes (Slime:1)
  25 black mambas
  8 elephants
  18 naga magi
  7 cane toads
  4 molten gargoyles
  3 smoke demons
  A hellion (Depths:4)
  2 kobold demonologists
  5 rime drakes
  A gargoyle (D:14)
  An ice devil (Depths:2)
  11 komodo dragons
  An efreet (D:9)
  An unseen horror (D:11)
  A tormentor (Depths:2)
  A red devil (Depths:2)
  2 trolls (Orc:2)
  3 bloated husks (Swamp:3)
  2 polar bears
  6 tyrant leeches
  A tarantella (shapeshifter) (Elf:3)
  10 slime creatures
  5 blink frogs
  3 hornets
  9 dream sheep
  2 air elementals
  A shadow (D:12)
  2 vampires
  5 spriggans
  The ghost of Dvallin the Caller, an amateur KoSu of Ashenzari (D:4)
  Sigmund (D:6)
  8 wyverns
  41 yaks
  6 water elementals
  4 wraiths
  2 hogs (Swamp:4)
  6 basilisks
  4 steam dragons
  Eustachio (D:5)
  A fire elemental (Elf:2)
  Grum (D:9)
  3 fire bats (Volcano)
  A redback (shapeshifter) (Depths:4)
  17 swamp worms
  15 vampire mosquitoes
  A hexer (Depths:2)
  A warg (Orc:1)
  3 acid dragons
  10 water moccasins
  21 nagas
  3 hell hounds (Lair:5)
  2 black bears (D:4)
  28 orc warriors
  6 swamp drakes
  A sky beast (D:8)
  2 ice beasts
  4 boggarts (D:14)
  23 wolves
  4 ogres
  20 centaurs
  A phantom (D:5)
  3 kobold brigands
  15 bullfrogs
  A gnoll sergeant (Orc:1)
  4 scorpions
  3 earth elementals
  4 necrophages
  A water moccasin zombie (D:4)
  2 two-headed ogre simulacra (Orc:2)
  6 killer bees
  12 electric eels
  13 lava snakes
  2 jellies
  4 hounds
  6 komodo dragon simulacra (IceCv)
  15 orc priests
  A bullfrog skeleton (D:4)
  5 iguanas
  Jessica (D:3)
  10 orc wizards
  2 troll simulacra (Orc:2)
  A wolf simulacrum (Orc:2)
  A boggart simulacrum (D:15)
  5 gnolls
  4 adders
  4 acid dragon simulacra (IceCv)
  A shadow imp (D:6)
  A white imp (D:7)
  An ufetubus (D:6)
  9 steam dragon simulacra (IceCv)
  3 worms
  2 dart slugs
  67 orcs
  8 ball pythons
  5 endoplasms
  8 giant cockroaches
  3 goblins
  6 hobgoblins
  2 jackals (D:1)
  A quokka (D:4)
  8 bats
  3 frilled lizards
  27 kobolds
  6 rats
  A fire vortex (Orc:1)
1131 creatures vanquished.

Vanquished Creatures (collateral kills)
  A sphinx (Depths:3)
  A shadow dragon (Depths:4)
  An iron dragon (Depths:3)
  2 frost giants
  A balrug (Depths:3)
  An orc warlord (Orc:2)
  2 deep elf elementalists (Elf:3)
  3 stone giants
  2 very ugly things
  A deep elf demonologist (Elf:3)
  2 eleionomae
  A green draconian (Depths:4)
  A bunyip (Swamp:3)
  A fire dragon (Depths:2)
  A deep elf high priest (Elf:3)
  Fannar (D:10)
  An ice dragon (Depths:4)
  An ogre mage (D:14)
  3 spriggan air magi
  3 rakshasas
  2 boulder beetles
  A hydra (shapeshifter) (Depths:2)
  2 hydras
  3 anacondas
  2 alligators
  3 naga warriors
  9 dancing weapons
  2 two-headed ogres
  2 deep troll shamans
  A deep troll earth mage (Depths:4)
  A hell knight (Depths:4)
  4 deep elf knights
  2 shock serpents (Snake:1)
  2 deep trolls (Depths:4)
  A swamp dragon (Swamp:3)
  A glowing orange brain (Depths:3)
  2 naga ritualists
  2 bog bodies
  A deep elf zephyrmancer (Elf:2)
  2 ugly things
  A mana viper (shapeshifter) (Depths:3)
  A deep elf pyromancer (Elf:2)
  A cyclops (Orc:2)
  A mana viper (Snake:4)
  A salamander (Snake:2)
  Maurice (D:12)
  3 elephants (Lair:5)
  A molten gargoyle (Volcano)
  4 black mambas
  2 naga magi
  5 cane toads
  A komodo dragon (Lair:3)
  An unseen horror (D:12)
  A tengu conjurer (Depths:4)
  A hellwing (Depths:2)
  An ice devil (Depths:2)
  A polar bear (Lair:4)
  Prince Ribbit (Lair:3)
  3 hornets
  2 tyrant leeches (Swamp:2)
  2 blink frogs (Lair:3)
  2 dream sheep
  A water elemental (Depths:4)
  A spriggan (Depths:4)
  10 yaks
  A wraith (Orc:1)
  A wyvern (Lair:1)
  2 fire bats (Volcano)
  A basilisk (Lair:5)
  A vampire mosquito (D:14)
  3 swamp worms
  A glowing shapeshifter zombie (Depths:3)
  A warg (Orc:1)
  A water moccasin (Lair:1)
  12 orc warriors
  2 ogres
  A boggart (D:14)
  9 wolves
  5 centaurs
  A two-headed ogre simulacrum (Orc:2)
  A killer bee (D:11)
  An electric eel (D:10)
  A crimson imp (D:7)
  A centaur zombie (D:4)
  A lava snake (Lair:5)
  Crazy Yiuf (D:7)
  2 orc priests
  A gnoll bouda (D:7)
  9 orc wizards
  A troll simulacrum (Orc:2)
  An acid dragon simulacrum (IceCv)
  5 gnolls
  A naga simulacrum (Orc:2)
  A steam dragon simulacrum (IceCv)
  17 orcs
  2 kobolds (D:12)
212 creatures vanquished.

Vanquished Creatures (others)
  A deep elf blademaster (Elf:3)
  A draconian knight (Depths:4)
  A deep elf sorcerer (Elf:3)
  An alligator (Swamp:1)
  A hell hog (Volcano)
  A deep elf knight (Elf:2)
  A spriggan druid (Swamp:2)
  A deep elf pyromancer (Elf:2)
  A mana viper (Snake:2)
  2 bloated husks
  A hell hound (Volcano)
  An orc warrior (Orc:2)
  A human (D:10)
  75 hexers
  2 ancestors (D:6)
  21 fungi
  34 plants
146 creatures vanquished.

Grand Total: 1489 creatures vanquished

Notes
Turn   | Place    | Note
-------+----------+-------------------------------------------
     0 | D:1      | kingofthe the Minotaur Fighter began the quest for the Orb.
     0 | D:1      | Reached XP level 1. HP: 19/19 MP: 0/0
    22 | D:1      | Found a faded altar of an unknown god.
   144 | D:1      | Reached XP level 2. HP: 24/27 MP: 1/1
   250 | D:1      | Got the Essays on Conduction and Production
   450 | D:1      | Reached skill level 4 in Armour
   782 | D:2      | Identified the +1 ring mail of the Dice {+Blink rN+ Int+4}
   905 | D:2      | Reached XP level 3. HP: 33/33 MP: 2/2
  1556 | D:3      | Found a snail-covered altar of Cheibriados.
  1563 | D:3      | Reached skill level 1 in Dodging
  1683 | D:3      | Noticed Jessica
  1690 | D:3      | Killed Jessica
  1691 | D:3      | Reached XP level 4. HP: 25/40 MP: 3/3
  2689 | D:4      | Noticed a black bear
  2839 | D:4      | Noticed a kobold brigand
  2848 | D:4      | Killed a kobold brigand
  2849 | D:4      | Reached skill level 1 in Evocations
  2849 | D:4      | Reached XP level 5. HP: 40/47 MP: 4/4
  3054 | D:4      | Found a runed translucent gate.
  3055 | D:4      | Found a runed translucent gate.
  3221 | D:4      | Noticed a black bear
  3228 | D:4      | Killed a black bear
  3229 | D:4      | Reached XP level 6. HP: 48/55 MP: 5/5
  3266 | D:4      | Found a hide-covered altar of Uskayaw.
  3278 | D:4      | Identified the +1 helmet "Necraett" {rPois rN+ Dex+4}
  3292 | D:4      | Reached skill level 5 in Fighting
  3292 | D:4      | Reached skill level 5 in Armour
  3336 | D:4      | Found an opulent altar of Gozag.
  3342 | D:4      | Found a runed translucent gate.
  3343 | D:4      | Noticed Dvallin's ghost (amateur KoSu)
  3426 | D:4      | Found a staircase to the Ecumenical Temple.
  3684 | Temple   | Entered the Ecumenical Temple
  3784 | Temple   | Became a worshipper of Hepliaklqana the Forgotten
  3845 | D:5      | Entered Level 5 of the Dungeon
  3932 | D:5      | Reached XP level 7. HP: 58/61 MP: 6/6
  4124 | D:5      | Found Wunlergh's Armour Shoppe.
  4187 | D:5      | Found a white marble altar of Elyvilon.
  4828 | D:6      | Found a shimmering altar of Xom.
  4828 | D:6      | Found a basalt altar of Yredelemnul.
  4828 | D:6      | Found an iron altar of Okawaru.
  4828 | D:6      | Found a shimmering blue altar of Sif Muna.
  4942 | D:6      | Noticed Eustachio
  4952 | D:5      | Reached skill level 5 in Polearms
  4952 | D:5      | Reached skill level 5 in Dodging
  5025 | D:5      | Killed Eustachio
  5026 | D:5      | Reached XP level 8. HP: 54/70 MP: 7/7
  5132 | D:6      | Reached * piety under Hepliaklqana
  5196 | D:6      | Reached skill level 6 in Armour
  5247 | D:6      | Noticed Sigmund
  5259 | D:6      | Killed Sigmund
  5659 | D:6      | Identified the +6 war axe of a Thousand Lovers {pain,
                  | *Corrode rC+ Dex+3 Stlth+}
  5785 | D:6      | HP: 2/63 [acid dragon/splash of acid (23)]
  6463 | D:6      | Found a shadowy altar of Dithmenos.
  7029 | D:4      | Killed Dvallin's ghost
  7039 | D:4      | Identified the +1 ring mail of Melancholy {rF+ Will+ Str-5
                  | Dex+2}
  7336 | D:6      | Reached XP level 9. HP: 41/70 MP: 8/8
  7598 | D:6      | Identified the +1 scale mail of the Past {Drain rPois
                  | Regen+ Dex+9}
  7628 | D:6      | Reached skill level 7 in Armour
  8251 | D:7      | Reached skill level 1 in Ranged Weapons
  8370 | D:7      | Found a runed translucent door.
  8371 | D:7      | Noticed Crazy Yiuf
  8476 | D:7      | Reached ** piety under Hepliaklqana
  8477 | D:7      | Remembered your ancestor Romanian Police as a hexer
  8598 | D:7      | Found Zin's Purification Station.
  8602 | D:7      | Found a glowing silver altar of Zin.
  8665 | D:7      | Found an ornate altar of the Wu Jian Council.
  8893 | D:7      | Found a broken altar of Ashenzari.
  9334 | D:7      | Killed Crazy Yiuf
  9412 | D:8      | Identified the +1 leather armour "Viado" {rF+ Will+ Dex+4}
  9569 | D:8      | Noticed a two-headed ogre
  9576 | D:8      | Killed a two-headed ogre
  9577 | D:8      | Reached skill level 8 in Armour
  9607 | D:8      | Noticed a kobold demonologist
  9615 | D:8      | Killed a kobold demonologist
  9635 | D:8      | Reached XP level 10. HP: 79/79 MP: 9/9
 10399 | D:9      | Noticed Grum
 10428 | D:9      | Killed Grum
 10454 | D:9      | You fall into a shaft and drop 3 floors!
 10477 | D:12     | Noticed a cyan ugly thing
 10487 | D:11     | Noticed a five-headed hydra
 10487 | D:11     | Reached *** piety under Hepliaklqana
 10498 | D:10     | Entered Level 10 of the Dungeon
 10585 | D:9      | Found a stormy altar of Qazlal.
 10634 | D:9      | Found the +3 greatsling "Punk" {acid, rCorr}
 10976 | D:9      | Reached skill level 10 in Dodging
 11024 | D:9      | Noticed a two-headed ogre
 11032 | D:9      | Killed a two-headed ogre
 11033 | D:9      | Reached skill level 9 in Armour
 11056 | D:9      | Found a blossoming altar of Fedhas.
 11171 | D:9      | Found a runed translucent door.
 11172 | D:9      | Noticed a boulder beetle
 11178 | D:9      | Noticed a manticore
 11225 | D:9      | Found Hemm's Assorted Antiques.
 11229 | D:9      | Bought a scroll of teleportation for 69 gold pieces
 11230 | D:9      | Bought a scroll labelled VEHOIM NU GEHE for 23 gold pieces
 11266 | D:9      | Reached skill level 5 in Ranged Weapons
 11287 | D:9      | Found a sparkling altar of Nemelex Xobeh.
 11489 | D:9      | Identified a scroll of acquirement
 11489 | D:9      | Acquired a manual of Armour
 11625 | D:10     | Noticed Fannar
 11630 | D:10     | Killed Fannar
 11631 | D:10     | Reached skill level 10 in Armour
 11647 | D:10     | Identified the ring "Mucruv" {rPois rF+ rC- Will+ Stlth+}
 11690 | D:10     | Found a staircase to the Orcish Mines.
 11873 | D:10     | Found a portal to a secret trove of treasure.
 11965 | D:10     | Noticed a deep troll
 11978 | D:10     | Killed a deep troll
 11979 | D:10     | Reached XP level 11. HP: 66/89 MP: 10/10
 12109 | D:10     | Reached skill level 11 in Armour
 12181 | D:10     | Found an ancient bone altar of Kikubaaqudgha.
 12585 | D:11     | Reached **** piety under Hepliaklqana
 12644 | Orc:1    | Entered Level 1 of the Orcish Mines
 12644 | Orc:1    | Noticed Urug
 12651 | Orc:1    | Killed Urug
 12652 | Orc:1    | Reached skill level 10 in Fighting
 12652 | Orc:1    | Reached skill level 12 in Armour
 12681 | Orc:1    | Noticed an orc sorcerer
 12684 | Orc:1    | Killed an orc sorcerer
 12760 | Orc:1    | Noticed Sonja
 12768 | Orc:1    | Killed Sonja
 12769 | Orc:1    | Reached skill level 13 in Armour
 12819 | Orc:1    | Noticed an orc sorcerer
 12823 | Orc:1    | Killed an orc sorcerer
 12849 | Orc:1    | Found a radiant altar of Vehumet.
 13003 | Orc:1    | Noticed Josephine
 13009 | Orc:1    | Killed Josephine
 13013 | Orc:1    | Reached skill level 14 in Armour
 13212 | Orc:2    | Entered Level 2 of the Orcish Mines
 13212 | Orc:2    | Found a frozen archway.
 13236 | IceCv    | Entered an ice cave
 13556 | IceCv    | Noticed an ice dragon
 13573 | IceCv    | Killed an ice dragon
 13591 | IceCv    | Reached XP level 12. HP: 54/99 MP: 11/11
 13821 | Orc:2    | Reached skill level 15 in Armour
 14113 | Orc:2    | Found a staircase to the Elven Halls.
 14190 | Orc:2    | Noticed an orc warlord
 14216 | Orc:2    | Reached skill level 16 in Armour
 14328 | Orc:2    | Killed an orc warlord
 14468 | Orc:2    | Noticed a two-headed ogre
 14476 | Orc:2    | Killed a two-headed ogre
 14628 | Orc:2    | Reached skill level 17 in Armour
 14685 | Orc:2    | Found Uwkihac's Weapon Shop.
 14685 | Orc:2    | Found Davim's Distillery.
 14687 | Orc:2    | Found Wakh's Antique Armour Emporium.
 14689 | Orc:2    | Found Zyijo's Distillery.
 14695 | Orc:2    | Bought a potion of curing for 39 gold pieces
 14695 | Orc:2    | Bought a potion of heal wounds for 65 gold pieces
 14700 | Orc:2    | Bought a pair of blackened boots for 266 gold pieces
 14700 | Orc:2    | Identified the +2 pair of boots of the Bellicose God {*Slow
                  | rElec Will+++ Str-4} (You bought it in a shop on level 2 of
                  | the Orcish Mines)
 15073 | D:11     | Killed a five-headed hydra
 15128 | D:11     | Noticed a two-headed ogre
 15132 | D:11     | Killed a two-headed ogre
 15133 | D:11     | Reached skill level 18 in Armour
 15479 | D:11     | Found a staircase to the Lair.
 15850 | Elf:1    | Entered Level 1 of the Elven Halls
 15971 | D:12     | Found the +18 Lear's hauberk
 16074 | D:12     | Found the +1 cloak of Starlight {*Dazzle EV+4 Stlth--}
 16141 | D:12     | Noticed a boulder beetle
 16145 | D:12     | Reached XP level 13. HP: 106/106 MP: 12/12
 16161 | D:12     | Noticed Maurice
 16162 | D:12     | Paralysed by Maurice for 3 turns
 16169 | D:12     | Killed Maurice
 16247 | D:12     | Reached ***** piety under Hepliaklqana
 16591 | Lair:1   | Entered Level 1 of the Lair of Beasts
 16789 | Lair:1   | Found a dark tunnel.
 16801 | Volcano  | Entered a volcano
 17001 | Volcano  | Reached skill level 10 in Ranged Weapons
 17096 | Volcano  | Found a bloodstained altar of Trog.
 17805 | Lair:1   | Reached skill level 19 in Armour
 18560 | Lair:2   | Reached ****** piety under Hepliaklqana
 19276 | Lair:3   | Reached skill level 5 in Shields
 19286 | Lair:3   | Found a staircase to the Snake Pit.
 19539 | Lair:3   | Found a staircase to the Swamp.
 19627 | Lair:3   | Noticed Prince Ribbit
 19638 | Lair:3   | Reached XP level 14. HP: 108/116 MP: 13/13
 19667 | Lair:3   | Killed Prince Ribbit
 20091 | Swamp:1  | Entered Level 1 of the Swamp
 20126 | Snake:1  | Entered Level 1 of the Snake Pit
 20963 | Lair:5   | Entered Level 5 of the Lair of Beasts
 21124 | Lair:5   | Reached skill level 5 in Evocations
 21436 | Lair:5   | Found a staircase to the Slime Pits.
 21642 | Lair:5   | Found a large runed translucent door.
 21644 | Lair:5   | Found a large runed translucent door.
 22245 | Slime:1  | Entered Level 1 of the Pits of Slime
 22247 | Slime:1  | Gained mutation: You are partially covered in iridescent
                  | scales. (AC +2) [a shining eye]
 22248 | Slime:1  | Noticed an acid blob
 22255 | Slime:1  | Killed an acid blob
 22510 | Snake:1  | Reached XP level 15. HP: 117/122 MP: 14/14
 22655 | Snake:1  | Reached skill level 20 in Armour
 22655 | Snake:1  | Reached skill level 10 in Shields
 22662 | Snake:1  | Identified the +1 robe of Makhleb's Displeasure {-Tele rN++
                  | Int+4}
 22690 | Snake:1  | Found Tanaets's Book Emporium.
 22733 | Snake:1  | Noticed a nagaraja
 22758 | Snake:1  | Found a transporter.
 22759 | Snake:1  | Noticed a tentacled monstrosity
 22783 | Snake:1  | Noticed nroviw's ghost (journeyman MiFi)
 22833 | Snake:1  | Found a transporter.
 22849 | Snake:1  | Found a one-way gate to the infinite horrors of the Abyss.
 22946 | Snake:1  | Found Cucia's Book Shop.
 22947 | Snake:1  | Found Zuil's Jewellery Shoppe.
 22948 | Snake:1  | Found Poil Wyp's Book Shop.
 22990 | Snake:1  | Found the +5 lochaber axe {reach-cleave, poleaxe}
 23476 | Snake:1  | Bought the amulet "Pit Quob" {Acrobat rF+ rCorr SInv} for
                  | 591 gold pieces
 24106 | Snake:2  | Found a shimmering blue altar of Sif Muna.
 24265 | Snake:2  | Reached skill level 15 in Dodging
 24524 | Snake:3  | Noticed Nikola
 24535 | Snake:3  | Killed Nikola
 24804 | Snake:3  | Noticed Asterion
 24814 | Snake:3  | Killed Asterion
 26210 | Snake:3  | Got the Lectures on the Summoned Voyage
 26335 | Snake:4  | Entered Level 4 of the Snake Pit
 26504 | Snake:4  | Found a runed translucent gate.
 26505 | Snake:4  | Found a runed translucent gate.
 26506 | Snake:4  | Found a runed translucent gate.
 26507 | Snake:4  | Noticed Geoferav's ghost (adept MiFi)
 26508 | Snake:4  | Noticed Metoemy's ghost (journeyman GrFi)
 26576 | Snake:4  | Reached XP level 16. HP: 129/129 MP: 15/15
 26853 | Snake:4  | Identified Roxanne's Exposition on Terrain
 26853 | Snake:4  | Noticed Roxanne
 27005 | Snake:4  | Reached skill level 21 in Armour
 27350 | Snake:4  | Got a serpentine rune of Zot
 27839 | Snake:4  | Killed Roxanne
 28368 | Snake:3  | Killed Metoemy's ghost
 28384 | Snake:3  | Killed Geoferav's ghost
 28814 | Orc:2    | Bought a +4 vorpal trident for 380 gold pieces
 29041 | Swamp:1  | Found the macabre finger necklace {rN+}
 30644 | Swamp:3  | Reached XP level 17. HP: 136/136 MP: 16/16
 30723 | Swamp:3  | Found an ancient bone altar of Kikubaaqudgha.
 30902 | Swamp:4  | Entered Level 4 of the Swamp
 31102 | Swamp:4  | Identified the +6 long sword "Isutet" {venom, rF+}
 31317 | Swamp:4  | Noticed Kirke
 31327 | Swamp:4  | Killed Kirke
 31644 | Swamp:4  | Reached skill level 15 in Fighting
 31644 | Swamp:4  | Reached skill level 10 in Evocations
 31834 | Swamp:4  | Reached skill level 22 in Armour
 31878 | Swamp:4  | Got a decaying rune of Zot
 31937 | Swamp:4  | Reached skill level 10 in Polearms
 33426 | D:13     | Found a sparkling altar of Nemelex Xobeh.
 33652 | D:13     | Found a flickering gateway to a bazaar.
 33661 | Bazaar   | Entered a bazaar
 33678 | Bazaar   | Found Fydios's Distillery.
 33710 | Bazaar   | Found Farphuim's Distillery.
 33767 | Bazaar   | Found Egeshado's Magic Scroll Shoppe.
 33796 | Bazaar   | Found Coexzint's Magic Scroll Shoppe.
 33838 | Bazaar   | Bought a potion of haste for 140 gold pieces
 33838 | Bazaar   | Bought 2 potions of curing for 84 gold pieces
 33866 | Bazaar   | Bought a potion of heal wounds for 80 gold pieces
 33866 | Bazaar   | Bought a potion of haste for 160 gold pieces
 33866 | Bazaar   | Bought a potion of heal wounds for 80 gold pieces
 33881 | Bazaar   | Bought a scroll of enchant armour for 97 gold pieces
 33881 | Bazaar   | Bought a scroll of enchant armour for 97 gold pieces
 33901 | Bazaar   | Bought a scroll of magic mapping for 67 gold pieces
 33916 | Bazaar   | Bought a potion of curing for 42 gold pieces
 33916 | Bazaar   | Bought a potion of curing for 42 gold pieces
 33959 | Bazaar   | Bought a scroll of teleportation for 39 gold pieces
 33959 | Bazaar   | Bought a scroll of teleportation for 39 gold pieces
 34311 | D:14     | Found a gate to the Vaults.
 34473 | D:15     | Entered Level 15 of the Dungeon
 34659 | D:15     | Identified the +1 chain mail of the Untouchables {Rampage
                  | rPois}
 34669 | D:15     | Found an opulent altar of Gozag.
 34782 | D:15     | Found a staircase to the Depths.
 34986 | D:15     | Reached XP level 18. HP: 146/146 MP: 17/17
 35546 | Depths:1 | Entered Level 1 of the Depths
 35763 | Depths:1 | Found a radiant altar of Vehumet.
 35859 | Depths:1 | Found Maemets's Assorted Antiques.
 36013 | Depths:1 | Found Kyhe's Antique Weapon Shop.
 36201 | Depths:1 | Found Ociwkac's Magic Scroll Shoppe.
 36250 | Depths:1 | Found a gateway to Hell.
 36264 | Depths:1 | You fall into a shaft and drop 1 floor!
 36550 | Depths:1 | Found Sumpig's General Store.
 36874 | Depths:2 | Found a one-way gate leading to the halls of Pandemonium.
 37056 | Depths:2 | Noticed a juggernaut
 37209 | Depths:2 | Noticed a caustic shrike
 37223 | Depths:2 | Killed a caustic shrike
 37303 | Depths:2 | Noticed a tentacled monstrosity
 37320 | Depths:2 | Noticed a tentacled monstrosity
 37357 | Depths:1 | Killed a tentacled monstrosity
 37363 | Depths:1 | Killed a tentacled monstrosity
 37573 | Depths:2 | Found a radiant altar of Vehumet.
 37573 | Depths:2 | Found a glowing golden altar of the Shining One.
 37578 | Depths:2 | Learned a level 2 spell: Blink
 37583 | Depths:2 | Found a bloodstained altar of Trog.
 37583 | Depths:2 | Found a glowing golden altar of the Shining One.
 37776 | Depths:2 | Reached skill level 23 in Armour
 37984 | Depths:2 | Reached skill level 1 in Translocations
 38021 | Depths:2 | Reached skill level 1 in Spellcasting
 38124 | Depths:2 | Identified the amulet "Joakka Miesh" {Spirit Fragile rN+
                  | Str+7}
 38245 | Depths:2 | Found a one-way gate leading to the halls of Pandemonium.
 38313 | Depths:2 | Found a glowing golden altar of the Shining One.
 38314 | Depths:2 | Found a radiant altar of Vehumet.
 38315 | Depths:2 | Found a glowing golden altar of the Shining One.
 38315 | Depths:2 | Found a bloodstained altar of Trog.
 38535 | Depths:2 | Killed a juggernaut
 38536 | Depths:2 | Reached XP level 19. HP: 136/156 MP: 19/19
 38996 | Depths:3 | Found Husihol's Antique Armour Shoppe.
 38996 | Depths:3 | Found Tuvocron's Armour Emporium.
 39016 | Depths:3 | Bought a pair of runed boots for 165 gold pieces
 40398 | Depths:3 | Found Husihol's Antique Armour Shoppe.
 40402 | Depths:3 | Found Tuvocron's Armour Emporium.
 40746 | Depths:4 | Entered Level 4 of the Depths
 41064 | Depths:4 | Noticed a golden dragon
 41144 | Depths:3 | Killed a golden dragon
 41264 | Depths:4 | Noticed a golden dragon
 41273 | Depths:4 | Killed a golden dragon
 41329 | Depths:4 | Noticed a juggernaut
 41562 | Depths:4 | Killed a juggernaut
 41888 | Depths:4 | Reached skill level 15 in Shields
 41893 | Depths:4 | Found a gate to the Realm of Zot.
 41984 | Depths:4 | Found a one-way gateway to a ziggurat.
 42296 | Depths:4 | Upgraded the game from 0.29.1-13-g9f3cf754e1 to
                  | 0.29.1-14-g9c671dbff4
 42782 | Elf:1    | Got the Folio of Combat Magic
 42834 | Elf:1    | Paralysed by an air elemental for 1 turns
 42847 | Elf:1    | Reached XP level 20. HP: 163/163 MP: 24/24
 43198 | Elf:1    | Identified the +1 rapier of Righteous Fury {speed, rC+
                  | Dex+6}
 43239 | Elf:1    | Found Ihum's Neck Hole.
 43614 | Elf:2    | Identified the +1 chain mail of the Distant Future {*Slow
                  | rC+ Str+7 Int+4}
 43833 | Elf:2    | Found a runed translucent door.
 43833 | Elf:2    | Noticed Pileg's ghost (adept FoFi)
 43915 | Elf:2    | Noticed Louise
 43961 | Elf:2    | Killed Louise
 43968 | Elf:2    | Reached skill level 24 in Armour
 43969 | Elf:2    | Reached skill level 5 in Translocations
 44060 | Elf:2    | Found a runed translucent gate.
 44061 | Elf:2    | Found a runed translucent gate.
 44061 | Elf:2    | Found a runed translucent gate.
 44527 | Elf:2    | Killed Pileg's ghost
 44571 | Elf:3    | Entered Level 3 of the Elven Halls
 44667 | Elf:3    | Reached skill level 5 in Spellcasting
 44706 | Elf:3    | Acquired 1017 gold pieces
 44943 | Elf:3    | Identified the +1 falchion of Doors {speed, rElec rF+++ rC-
                  | Stlth+}
 44967 | Elf:3    | Identified the +6 trident of Jill {vorpal, rPois Dex+2}
 45426 | Elf:3    | Identified the +0 ring mail of Viareuvu {rF+ Int+3 SInv
                  | Stlth+}
 45762 | Elf:3    | Identified the ring of Rukhlirch {Fly rPois rF++ Str-2}
 45832 | Elf:3    | Got the Encyclopedia of Viperous Evil
 45833 | Elf:3    | Identified the +3 pair of boots "Coaplev" {Int+3}
 45857 | Elf:3    | Identified the +3 plate armour "Vaduthracs" {Str+4 Int+2
                  | Dex-2}
 45868 | Elf:3    | Reached XP level 21. HP: 159/170 MP: 28/28
 45886 | Elf:3    | Identified the +0 troll leather armour of Hutwit {Regen+
                  | Str+5 Int-3}
 45949 | Elf:3    | Got the Meditations on the Dead and Hypothermia
 45951 | Elf:3    | Got the Octavo of the Lofty Summer
 46001 | Elf:3    | Identified the +0 helmet of the Several Heavens {Dex+4}
 46758 | Slime:1  | You fall into a shaft and drop 1 floor!
 47051 | Slime:1  | Splashed with acid

Illustrated notes

Levels and vault maps discovered:
D:1:      amcnicky_arrival_double_pillar, layout_basic, basic_ecumenical_altar
D:2:      layout_basic
D:3:      layout_basic, kennysheep_slug_shrine, uniq_jessica
D:4:      kennysheep_kobold_camp, layout_rooms, overflow_temple_1_default,
          nicolae_uskayaw_murder_on_the_dancefloor, temple_doors_e,
          gammafunk_ghost_necromancy
D:5:      layout_loops_corners, lemuel_tele_altar, serial_shops, shop,
          serial_bayou_lagoon_a
D:6:      cheibrodos_two_vegetables, layout_layer_cave,
          nicolae_dithmenos_shadow_blocks, grunt_temple_overflow_open,
          palyth_stone_intersect, uniq_sigmund, uniq_eustachio
D:7:      layout_layer_cave, nzn_wu_jian_council_hall, zin_purify,
          overflow_temple_1_default, minmay_fire_ice_demons,
          uniq_crazy_yiuf_cottage
D:8:      layout_basic, serial_glass, glass_columns_b, glass_columns_a,
          chequers_serial_rivers_room_a
D:9:      layout_roguey, lemuel_coloured_pillars_altar, lemuel_doored_altar,
          fedhas_altar_2, serial_shops, shop, wad_hexagon, uniq_grum
D:10:     dreamdust_cave_troll, layout_basic, tgw_kikubaaqudgha,
          minmay_orc_entry_temple_small, nicolae_trove_entry_crossroad,
          uniq_fannar
D:11:     layout_basic, lair_entry_dummy
D:12:     cheibrodos_wizards_tower, layout_cave_pools, uniq_maurice
D:13:     layout_loops_ring, serial_shops, bzr_firewalk,
          nemelex_lonely_heart_becter
D:14:     layout_big_octagon, david_vaults_2, minmay_tree_intersection
D:15:     grunt_enter_depths_giant_problem, layout_loops_corners, minivault_24,
          grunt_gozag_breadcrumbs
Temple:   hellmonk_temple_beads
Lair:1:   layout_hall_layers, nicolae_volcano_entry_s_turn,
          dreamdust_mushroom_princess, grunt_megastairs_4
Lair:2:   layout_cave_pods, columned_hall_lemuel, grunt_megastairs_1
Lair:3:   layout_regular_city, swamp_mist, minmay_snake_entry_guardpost_large,
          serial_bayou_shore_a, grunt_megastairs_5, uniq_prince_ribbit2
Lair:4:   layout_regular_city, lemuel_fruit_tree
Lair:5:   cheibrodos_lair_end_hotspot, layout_regular_city,
          dpeg_slime_entry_enclosed
Swamp:1:  layout_basic_swamp, hangedman_swamp_ruin_wall,
          infiniplex_staircase_pool
Swamp:2:  layout_basic_swamp, nicolae_swamp_bean_lake,
          infiniplex_staircase_pool_2
Swamp:3:  layout_basic_swamp, nicolae_swamp_godswood, swamp_pool3,
          roderic_carrion_pond
Swamp:4:  swamp_basic_johnstein, layout_basic_swamp, uniq_kirke
Snake:1:  layout_onion, serial_shops, nicolae_shop_statue_plus,
          gammafunk_ghost_abyssal_escape, minmay_shop_grove
Snake:2:  layout_honeycomb, basic_altar, st_stairs_14
Snake:3:  layout_chambers, nicolae_snake_storage_room, nicolae_triple_integral,
          uniq_nikola, uniq_asterion
Snake:4:  snake_pit, layout_grid_maze, gammafunk_ghost_cemetery, uniq_roxanne
Slime:1:  layout_caves
Slime:2:  layout_caves
Orc:1:    layout_caves, nicolae_orc_pool_cavern, nicolae_orc_lava_tube,
          hangedman_feature_mirror, nicolae_orc_flooded_monolith,
          nicolae_orc_rockfall, uniq_josephine, uniq_urug, uniq_sonja
Orc:2:    st_orc_rangers, layout_caves, portal_ice_cave_entry_ice_simulacra
Elf:1:    layout_gridlike, minmay_elf_annihilation,
          nicolae_shop_sticking_my_neck_out
Elf:2:    nicolae_elf_blades_crystal_corner, layout_geoelf_diagonals,
          ebering_ghost_inner_flame, uniq_louise
Elf:3:    minmay_elf_hall_furrowed, layout_geoelf_octagon, grunt_ministairs_13
Depths:1: layout_roguey, amcnicky_mini_rare_corridor_liquid, hell_entry,
          serial_shops, shop, shop_statue, shop_statue, nicolae_take_the_stairs,
          minmay_misc_feat_more_columns, vehumet_crystals
Depths:2: minmay_the_grid_octo_tiled_squarecenter_mashed
          [minmay_the_grid_octo_shrine, minmay_the_grid_octo_concentric,
          minmay_the_grid_octo_checkerflower, minmay_the_grid_octo_teeth,
          minmay_the_grid_square_5x5_megaprize_open,
          minmay_the_grid_square_5x5_checkered, minmay_the_grid_square_5x5_z,
          minmay_the_grid_square_5x5_inner_i,
          minmay_the_grid_square_5x5_fancy_junction], layout_honeycomb,
          hangedman_decor_points, rand_demon_pan_entry_3, hell_entry
Depths:3: minmay_octagon_keep, layout_cave_shapes, lightli_too_deep,
          abyss_entry, serial_sigils_hangedman_snap,
          minmay_staircase_windowed_large, minmay_shoptagon
Depths:4: grunt_zot_entry_hairpin, layout_gridlike, enter_ziggurat_a,
          minmay_fountain_box, hellmouth_1, pan_entry

Skill      XL: |  1  2  3  4  5  6  7  8  9 10 11 12 13 14 15 16 17 18 19 20 21 |
---------------+----------------------------------------------------------------+-----
Armour         | 4 5 6 8 10 14 18 19 20 21 22 23 24 | 24.4
Shields        | 4 5 9 11 12 15 17 | 17.5
Fighting       | 4 5 6 8 9 11 12 13 14 15 16 | 16.6
Polearms       | 3 4 5 6 8 10 12 13 14 | 14.0
Dodging        | 1 2 3 4 5 7 9 10 11 12 13 14 15 16 17 18 19 | 19.9
Evocations     | 1 2 3 4 5 7 9 10 11 | 11.5
Ranged Weapons | 3 5 7 9 11 12 13 14 | 14.2
Translocations | 1 4 6 |  6.1
Spellcasting   | 1 3 5 |  5.5

Action                   |  1- 3 |  4- 6 |  7- 9 | 10-12 | 13-15 | 16-18 | 19-21 || total
-------------------------+-------+-------+-------+-------+-------+-------+-------++-------
Melee: Trident           |    84 |   100 |   128 |    90 |   336 |     9 |       ||   747
       Headbutt          |     5 |    13 |    23 |    35 |    83 |     3 |    45 ||   207
       Glaive            |       |       |       |    23 |       |       |       ||    23
       Hand axe          |       |       |       |     8 |       |       |       ||     8
       Greatsling        |       |       |       |     1 |       |       |     1 ||     2
       Demon trident     |       |       |       |       |       |       |   198 ||   198
 Fire: Sling             |       |       |    70 |    38 |       |       |       ||   108
       Greatsling        |       |       |       |   443 |   810 |  1689 |  1181 ||  4123
 Cast: Blink             |       |       |       |       |       |       |     1 ||     1
Invok: Ancestor Identity |       |       |     1 |       |       |       |       ||     1
       Ancestor Life: He |       |       |     1 |       |       |       |       ||     1
       Recall Ancestor   |       |       |       |     6 |     2 |     4 |     1 ||    13
       Idealise          |       |       |       |     1 |       |       |       ||     1
Evoke: Wand              |       |       |     8 |       |       |     4 |     1 ||    13
  Use: Scroll            |       |       |    10 |    16 |     5 |     4 |    11 ||    46
       Potion            |       |       |       |     5 |     1 |     1 |     7 ||    14
 Stab: Distracted        |       |       |     1 |     2 |     5 |       |     1 ||     9
       Confused          |       |       |     3 |     4 |     2 |       |     2 ||    11
       Invisible         |       |       |       |       |    13 |       |     6 ||    19
Armor: Scale mail        |    11 |       |     4 |   103 |   169 |   150 |   135 ||   572
       Ring mail         |     5 |    38 |    23 |       |       |       |       ||    66
Dodge: Dodged            |    17 |    35 |    53 |   259 |   490 |   468 |   347 ||  1669
Block: Buckler           |     4 |    21 |    22 |    27 |       |       |       ||    74
       Kite shield       |       |       |       |   129 |   436 |   423 |   346 ||  1334
       Tower shield      |       |       |       |       |       |       |    19 ||    19
